 Dungeon Crawl Stone Soup version 0.23.2-40-g277498a001 (webtiles) character file.

Game seed: 472146254486944242

588 Descartes the Shield-Bearer (level 7, -1/55 HPs)
             Began as a Formicid Fighter on Sept 7, 2019.
             Slain by a gnoll
             ... wielding a +0 flail
              (4 damage)
             ... on level 4 of the Dungeon.
             The game lasted 00:09:52 (3492 turns).

Descartes the Shield-Bearer (Formicid Fighter)      Turns: 3492, Time: 00:09:54

Health: -1/55      AC:  5    Str: 18    XL:     7   Next: 65%
Magic:  7/7        EV:  9    Int: 10    God:
Gold:   215        SH: 10    Dex: 10    Spells: 6/6 levels left

rFire    + . .     SeeInvis +   a - +0 war axe
rCold    . . .     Gourm    .   c - +0 shield
rNeg     . . .     Faith    .   b - +0 scale mail
rPois    +         Spirit   .   (helmet unavailable)
rElec    .         Reflect  .   z - +0 cloak
rCorr    .         Harm     .   (no gloves)
MR       .....                  (no boots)
Stlth    ..........             (no amulet)
HPRegen  0.18/turn              w - ring of poison resistance
MPRegen  0.10/turn              (no ring)

@: no status effects
A: permanent stasis, dig shafts and tunnels, four strong arms, antennae 3,
deformed body, fire resistance 1, poison resistance, weak 1
a: Dig, Shaft Self


You were on level 4 of the Dungeon.
You were not hungry.

You visited 1 branch of the dungeon, and saw 4 of its levels.

You collected 215 gold pieces.

Inventory:

Hand Weapons
 a - a +0 war axe (weapon)
Missiles
 e - 63 sling bullets
 g - 224 stones (quivered)
 n - 22 bolts
 p - 6 poisoned needles
 r - 95 arrows
Armour
 b - a +0 scale mail (worn)
 c - a +0 shield (worn)
 h - a +0 plate armour
 i - a +0 chain mail
 z - a +0 cloak (worn)
Jewellery
 w - a ring of poison resistance (left hand)
Scrolls
 j - 2 scrolls of remove curse
 l - 2 scrolls of identify
 m - a scroll of magic mapping
 q - 2 scrolls of fog
 u - 3 scrolls of enchant armour
 v - a scroll of fear {unknown}
Potions
 d - 4 potions of might
 k - a potion of curing {unknown}
 o - a potion of resistance
 t - a potion of haste {unknown}
 x - a potion of agility
 A - a potion of magic {unknown}
Comestibles
 f - 6 rations
 s - a chunk of flesh


   Skills:
 + Level 4.6 Fighting
 + Level 3.5 Axes
 + Level 4.8 Armour
 + Level 2.6 Dodging
 * Level 6.4 Shields


You had 6 spell levels left.
You didn't know any spells.
Your spell library was empty.

Dungeon Overview and Level Annotations

Branches:
Dungeon (4/15)
 Temple: D:4-7

Altars:
Hepliaklqana
Kikubaaqudgha
Trog
Uskayaw
Yredelemnul


Innate Abilities, Weirdness & Mutations

You cannot be hasted, slowed, berserked, paralysed or teleported.
You can dig through walls and to a lower floor.
Your four strong arms can wield two-handed weapons with a shield.
You have a pair of large antennae on your head. (SInv)
Armour fits poorly on your strangely shaped body.
Your flesh is heat resistant. (rF+)
Your system is resistant to poisons. (rPois)
You are weak. (Str -2)


Message History

You are too injured to fight recklessly!
You are too injured to fight recklessly!
Unknown command.
You hit the gnoll.
The gnoll is moderately wounded.
You hit the gnoll. You block the gnoll's attack.
The gnoll hits you with a +0 flail.
You hit the gnoll.
The gnoll is heavily wounded.
You barely miss the gnoll. The gnoll hits you with a +0 flail.
The gnoll hits you with a +0 flail!
* * * LOW HITPOINT WARNING * * *
You barely miss the gnoll.
The gnoll is heavily wounded.
You hit the gnoll but do no damage.
A hound comes into view.
The gnoll hits you with a +0 flail!
* * * LOW HITPOINT WARNING * * *
You block the gnoll's attack. The gnoll hits you with a +0 flail.
You die...

##################
.######.........)g....h.
................@gg....>
.######.#####.#########.
.#### #.# #.# ....# #.#
#'# .##.# #.# ... .##.#
#.# ... .##.# #.# .....
.##.###.# .....
#.......# #'# .#


You could see a hound (wandering) and 3 gnolls.

Vanquished Creatures
  Sigmund (D:2)
  A water moccasin skeleton (D:4)
  2 vampire bats
  An orc wizard (D:4)
  A bullfrog skeleton (D:4)
  A worker ant (D:4)
  An iguana (D:4)
  5 adders
  A gnoll (D:4)
  2 worms (D:3)
  2 dart slugs
  3 fire bats (D:4)
  2 leopard geckos
  9 orcs (D:4)
  2 spectral bats (D:4)
  11 bats
  4 bat skeletons
  5 bat zombies
  7 goblins
  6 hobgoblins
  10 jackals
  A quokka (D:2)
  5 ball pythons
  A ball python skeleton (D:4)
  A bat simulacrum (D:4)
  7 frilled lizards
  8 kobolds
  11 rats
  A spectral orc (D:2)
112 creatures vanquished.

Notes
Turn   | Place    | Note
-------+----------+-------------------------------------------
     0 | D:1      | Descartes the Formicid Fighter began the quest for the Orb.
     0 | D:1      | Reached XP level 1. HP: 18/18 MP: 1/1
   157 | D:1      | Reached XP level 2. HP: 24/24 MP: 2/2
   260 | D:1      | Reached skill level 4 in Shields
   342 | D:1      | Reached XP level 3. HP: 25/29 MP: 3/3
   822 | D:2      | Noticed Sigmund
   856 | D:2      | Killed Sigmund
   856 | D:2      | Reached skill level 1 in Dodging
   856 | D:2      | Reached skill level 5 in Shields
   856 | D:2      | Reached XP level 4. HP: 20/37 MP: 4/4
   856 | D:2      | Reached XP level 5. HP: 23/42 MP: 5/5
   856 | D:2      | Reached XP level 6. HP: 26/48 MP: 6/6
   995 | D:2      | Found a faded altar of an unknown god.
  1530 | D:2      | Found a basalt altar of Yredelemnul.
  1599 | D:2      | Gained mutation: Armour fits poorly on your strangely
                  | shaped body. [potion of mutation]
  1599 | D:2      | Gained mutation: Your system is resistant to poisons.
                  | (rPois) [potion of mutation]
  1599 | D:2      | Gained mutation: You are weak. (Str -2) [potion of
                  | mutation]
  1599 | D:2      | Gained mutation: Your flesh is heat resistant. (rF+)
                  | [potion of mutation]
  2075 | D:3      | Found an ancient bone altar of Kikubaaqudgha.
  2141 | D:3      | Found a bloodstained altar of Trog.
  2545 | D:4      | Reached XP level 7. HP: 22/55 MP: 7/7
  2829 | D:4      | Reached skill level 6 in Shields
  2923 | D:4      | Found a hide-covered altar of Uskayaw.
  2923 | D:4      | Found a hazy altar of Hepliaklqana.
  3492 | D:4      | Slain by a gnoll

Skill      XL: |  1  2  3  4  5  6  7 |
---------------+----------------------+-----
Shields        | 4 5 6 |  6.4
Fighting       | 4 |  4.6
Armour         | 4 |  4.8
Dodging        | 1 2 |  2.6
Axes           | 3 |  3.5

Action                   |  1- 3 |  4- 6 |  7- 9 || total
-------------------------+-------+-------+-------++-------
Melee: War axe           |    74 |   230 |   121 ||   425
 Abil: Dig               |     1 |     1 |     1 ||     3
  Use: Scroll            |       |    10 |       ||    10
       Potion            |       |     1 |       ||     1
  Eat: Chunk             |       |     6 |     4 ||    10
Armor: Plate armour      |    79 |   104 |       ||   183
       Scale mail        |     2 |    39 |    72 ||   113
Dodge: Dodged            |    17 |    71 |    64 ||   152
Block: Shield            |    47 |   156 |   107 ||   310
